 Dungeon Crawl Stone Soup version 0.29-a0-234-g0dae59b3db (webtiles) character file.

Game seed: 12020328453007028155

33 Aksej the Skirmisher (level 3, -4/29 HPs)
             Began as a Demonspawn Monk on Mar 2, 2022.
             Slain by a hobgoblin
             ... wielding a +2 trident of protection
              (8 damage)
             ... on level 2 of the Dungeon.
             The game lasted 00:03:16 (1391 turns).

Aksej the Skirmisher (Demonspawn Monk)              Turns: 1391, Time: 00:03:17

Health: -4/29      AC:  2    Str: 11    XL:     3   Next: 12%
Magic:  3/3        EV: 11    Int: 13    God:
Gold:   49         SH:  9    Dex: 17    Spells: 2/2 levels left

rFire   + + .      SeeInvis .   a - +1 mace
rCold   + + .      Faith    .   c - +2 shield of Resistance {rF++ rC++ Will++}
rNeg    . . .      Spirit   .   b - +0 robe
rPois   .          Reflect  .   (no helmet)
rElec   .          Harm     .   (no cloak)
rCorr   .          Rampage  .   (no gloves)
Will    ++...                   (no boots)
Stlth   ++........              (no amulet)
HPRegen 0.09/turn               (no ring)
MPRegen 0.08/turn               (no ring)

@: no status effects
A: big brain 1
a: no special abilities


You were on level 2 of the Dungeon.
You visited 1 branch of the dungeon, and saw 2 of its levels.

You collected 49 gold pieces.

Inventory:

Hand Weapons
 a - a +1 mace (weapon)
Armour
 b - a +0 robe (worn)
 c - the +2 shield of Resistance (worn) {rF++ rC++ Will++}
   (You acquired it on level 1 of the Dungeon)

   rF:        It greatly protects you from fire.
   rC:        It greatly protects you from cold.
   Will:      It greatly increases your willpower.
Jewellery
 j - a ring of wizardry
Scrolls
 d - a scroll of enchant weapon
Potions
 e - a potion of curing
 g - a potion of might {unknown}
 i - a potion of degeneration {unknown}
 k - a potion of heal wounds {unknown}
 l - a potion of mutation {unknown}


   Skills:
 * Level 3.5 Fighting
 + Level 3.2 Maces & Flails
 + Level 2.9 Dodging
 + Level 1.9 Stealth


You had 2 spell levels left.
You didn't know any spells.
Your spell library was empty.

Dungeon Overview and Level Annotations

Branches:
Dungeon (2/15)

Altars:

Shops:
D:1 *


Innate Abilities, Weirdness & Mutations

You have an unusually large brain. (Int +2)


Message History

You feel agile. x2
You closely miss the rat. The rat barely misses you.
You hit the rat.
You kill the rat!
The rat closely misses you.
You thump the rat!
You kill the rat!
A hobgoblin comes into view.
It is wielding a +2 trident of protection and quivering poisoned darts.
Found a stone staircase leading up.
A jackal comes into view.
Found a stone staircase leading down.
The hobgoblin shouts!
A jackal comes into view.
The hobgoblin throws a poisoned dart.
You block the poisoned dart.
Found a club.
The hobgoblin barely misses you.
The hobgoblin hits you with a +2 trident of protection!
You closely miss the hobgoblin.
The jackal barks!
You block the hobgoblin's attack. The jackal misses you.
You block the hobgoblin's attack.
You hit the jackal.
You kill the jackal!
You block the jackal's attack. x2
The hobgoblin hits you with a +2 trident of protection!
You barely miss the hobgoblin. You block the jackal's attack.
The jackal bites you but does no damage.
The hobgoblin barely misses you. The hobgoblin closely misses you.
You block the jackal's attack.
You closely miss the hobgoblin. You block the jackal's attack.
The hobgoblin closely misses you.
You closely miss the hobgoblin. The jackal completely misses you.
You block the jackal's attack.
The hobgoblin hits you with a +2 trident of protection.
* * * LOW HITPOINT WARNING * * *
The jackal closely misses you.
You hit the hobgoblin.
The hobgoblin is moderately wounded.
The hobgoblin misses you. You block the jackal's attack.
The hobgoblin hits you with a +2 trident of protection!
You die...

...##..#######.##..######
...###.....##..##..#.....
...###.###.##........#
.......# #......##..####..
...##..# #..##...........#
#####.......##.......#####
#..###..<.........## ....
#...............
.....##......@.........
...#........gh...>.....
#...####................
..........#......
#..>......#.....
#.........# ...
#..)....... ..
#...........


You could see a jackal and a hobgoblin.

Vanquished Creatures
  An adder (D:2)
  2 bats
  3 endoplasms (D:1)
  A giant cockroach (D:1)
  A goblin (D:1)
  3 hobgoblins (D:1)
  A jackal (D:2)
  A kobold (D:1)
  2 quokkas (D:1)
  2 ball pythons
  A frilled lizard (D:1)
  5 rats
23 creatures vanquished.

Notes
Turn   | Place    | Note
-------+----------+-------------------------------------------
     0 | D:1      | Aksej the Demonspawn Monk began the quest for the Orb.
     0 | D:1      | Reached XP level 1. HP: 18/18 MP: 1/1
   393 | D:1      | Gained mutation: You have an unusually large brain. (Int
                  | +2) [demonic ancestry]
   393 | D:1      | Reached XP level 2. HP: 21/24 MP: 2/2
   601 | D:1      | Found Ositabye's Assorted Antiques.
  1208 | D:1      | Identified a scroll of acquirement
  1208 | D:1      | Acquired the +2 shield of Resistance {rF++ rC++ Will++}
  1208 | D:1      | Found the +2 shield of Resistance {rF++ rC++ Will++}
  1302 | D:2      | Reached XP level 3. HP: 15/29 MP: 3/3
  1391 | D:2      | Slain by a hobgoblin

Illustrated notes

Levels and vault maps discovered:
D:1:      dpeg_arrival_oval, layout_basic, serial_shops,
          nicolae_shop_temple_entry_statues_fountains, serial_bayou_ford_a
D:2:      layout_rooms, basic_altar, minmay_door_square

Skill      XL: |  1  2 |
---------------+-------+-----
Maces & Flails | 3 |  3.2
Fighting       | |  3.5
Dodging        | |  2.9
Stealth        | |  1.9

Action                   || total
-------------------------++-------
Melee: Mace              ||    69
  Use: Scroll            ||     4
 Stab: Sleeping          ||     5
Armor: Robe              ||    17
Dodge: Dodged            ||    56
Block: Kite shield       ||    19

Table legend: (Time is in decaauts)
 A = Elapsed time spent in this place.
 B = Non-inter-level travel time spent in this place.
 C = Inter-level travel time spent in this place.
 D = Time resting spent in this place.
 E = Time spent auto-exploring this place.
 F = Levels seen in this place.
 G = Mean time per level.
                   A        B        C        D        E       F      G
               +--------+--------+--------+--------+--------+-----+--------+
         Total |   1423 |   1414 |      9 |      0 |   1194 |   2 |  711.5 |
       Dungeon |   1423 |   1414 |      9 |      0 |   1194 |   2 |  711.5 |
               +--------+--------+--------+--------+--------+-----+--------+

Top non-repeatable levels by time:
     D:1: 1249 daAuts
     D:2: 174 daAuts
